 Dungeon Crawl Stone Soup version 0.29-a0-322-g68df515428 (webtiles) character file.

Game seed: 9321439178995998882

1 ImHallYall the Insei (level 1, -3/15 HPs)
             Began as a Demigod Transmuter on Apr 6, 2022.
             Slain by a goblin
             ... wielding a +2 dagger of venom
              (4 damage)
             ... on level 1 of the Dungeon.
             The game lasted 00:00:26 (70 turns).

ImHallYall the Insei (Demigod Transmuter)             Turns: 70, Time: 00:00:27

Health: -3/15      AC: 10    Str: 11    XL:     1   Next: 13%
Magic:  5/5        EV:  2    Int: 15    God:
Gold:   6          SH:  0    Dex: 14    Spells: 2/3 levels left

rFire   . . .      SeeInvis .   c - +0 dagger
rCold   . . .      Faith    .   (no shield)
rNeg    . . .      Spirit   .   d - +0 plate armour
rPois   .          Reflect  .   (no helmet)
rElec   .          Harm     .   (no cloak)
rCorr   .          Rampage  .   (no gloves)
Will    .....                   (no boots)
Stlth   ..........              (no amulet)
HPRegen 0.05/turn               (no ring)
MPRegen 0.09/turn               (no ring)

@: lethally poisoned (-3 -> -19)
A: high MP 1, forlorn, divine attributes
a: no special abilities


You were on level 1 of the Dungeon.
You visited 1 branch of the dungeon, and saw 1 of its levels.

You collected 6 gold pieces.

Inventory:

Hand Weapons
 c - a +0 dagger (weapon)
Armour
 a - a +0 robe
 d - a +0 plate armour (worn)
Potions
 b - a potion of lignification


   Skills:
 + Level 0.8 Fighting
 + Level 1.7 Dodging
 + Level 2.7 Unarmed Combat
 + Level 1.7 Spellcasting
 + Level 1.7 Transmutations


You had 2 spell levels left.
You knew the following spells:

 Your Spells              Type           Power      Damage    Failure   Level
a - Beastly Appendage     Tmut           12%        N/A       100%        1

Your spell library contained the following spells:

 Spells                   Type           Power      Damage    Failure   Level
 Wereblood                Tmut           6%         N/A       100%        2
 Spider Form              Tmut/Pois      4%         N/A       100%        3
 Ice Form                 Ice/Tmut       4%         N/A       100%        4


Dungeon Overview and Level Annotations

Branches:
Dungeon (1/15)


Innate Abilities, Weirdness & Mutations

You have an increased reservoir of magic. (+10% MP)
You shall have no god before yourself.
Your divine heritage dramatically boosts your attributes as you level up.


Message History

The goblin is heavily wounded.
The goblin barely misses you.
You hit the goblin.
You kill the goblin!
Things that are here:
a +0 dagger; a goblin corpse
Things that are here:
a +0 dagger; a goblin corpse
c - a +0 dagger
Found a plate armour.
You see here a +0 plate armour.
d - a +0 plate armour HP restored.
You start removing your armour.
You continue taking off your +0 robe. x4
You finish taking off your +0 robe.
You start putting on your armour.
You continue putting on your +0 plate armour. x5
You finish putting on your +0 plate armour.
c - a +0 dagger (weapon)
You open the door.
A goblin comes into view. It is wielding a +2 dagger of venom.
The goblin shouts!
Found 8 gold pieces.
There is an open door here.
The goblin hits you with a +2 dagger of venom.
You are lethally poisoned!
Found an escape hatch in the floor.
You feel very sick. The goblin hits you but does no damage.
You are more poisoned.
You hit the goblin.
The goblin is moderately wounded.
You feel very sick. The goblin hits you but does no damage.
You hit the goblin.
The goblin is severely wounded.
* * * LOW HITPOINT WARNING * * *
You feel very sick.
The goblin hits you with a +2 dagger of venom.
You die...

#>..... . #.....#
..##### ..####.....# ###
..#.... .........###..
..#.### ........+...#
.##.### #......#
#.##....... #......#
#...# #.###
#..@g..###.#.###.###
#......'............
.......$...###.#.###....
.####......# #.#.# #.#.#
#.###+## #.#.# #.#.. #.
###.# #.### #. #.# ###
.. #.# # ...


You could see a goblin.

Vanquished Creatures
  A goblin (D:1)
1 creature vanquished.

Notes
Turn   | Place    | Note
-------+----------+-------------------------------------------
     0 | D:1      | ImHallYall the Demigod Transmuter began the quest for the
                  | Orb.
     0 | D:1      | Reached XP level 1. HP: 15/15 MP: 5/5
    70 | D:1      | Slain by a goblin

Illustrated notes

Levels and vault maps discovered:
D:1:      elethiomel_arrival_quiet, layout_basic, ebering_ecumenical_altar_box,
          glass_columns_b

Action                   || total
-------------------------++-------
Melee: Dagger            ||     2
       Unarmed           ||     2
Armor: Plate armour      ||     2
Dodge: Dodged            ||     1

Table legend: (Time is in decaauts)
 A = Elapsed time spent in this place.
 B = Non-inter-level travel time spent in this place.
 C = Inter-level travel time spent in this place.
 D = Time resting spent in this place.
 E = Time spent auto-exploring this place.
 F = Levels seen in this place.
 G = Mean time per level.
                   A        B        C        D        E       F      G
               +--------+--------+--------+--------+--------+-----+--------+
         Total |     69 |     69 |      0 |      0 |     13 |   1 |   69.0 |
       Dungeon |     69 |     69 |      0 |      0 |     13 |   1 |   69.0 |
               +--------+--------+--------+--------+--------+-----+--------+

Top non-repeatable levels by time:
     D:1: 69 daAuts
